 Dungeon Crawl Stone Soup version 0.31-a0-202-g547052bce9 (webtiles) character file.

Game seed: 10482669234120006225

24 qw the Shooter (level 2, -1/16 HPs)
             Began as a Deep Elf Hunter on June 26, 2023.
             Slain by Robin
             ... wielding a +0 trident
              (3 damage)
             ... on level 2 of the Dungeon.
             The game lasted 00:00:13 (517 turns).

qw the Shooter (Deep Elf Hunter)                     Turns: 517, Time: 00:00:13

Health: -1/16      AC:  4    Str:  8    XL:     2   Next: 79%
Magic:  4/4        EV: 12    Int: 13    God:
Gold:   66         SH:  0    Dex: 18    Spells: 1/1 levels left

rFire   . . .        a - +0 shortbow
rCold   . . .        (shield currently unavailable)
rNeg    . . .        c - +0 leather armour
rPois   .            (no helmet)
rElec   .            (no cloak)
rCorr   .            (no gloves)
SInv    .            d - +0 pair of boots
Will    .....        (no amulet)
Stlth   ++           (no ring)
HPRegen 0.22/turn    (no ring)
MPRegen 0.09/turn

%: no passive effects
@: no status effects
A: no striking features
a: no special abilities


You were on level 2 of the Dungeon.
You visited 1 branch of the dungeon, and saw 2 of its levels.

You collected 66 gold pieces.


   Skills:
 - Level 1.5 Fighting
 + Level 6.5 Ranged Weapons
 - Level 2.4 Dodging
 - Level 1.2 Stealth


You had one spell level left.
You didn't know any spells.
Your spell library was empty.

Inventory:

Hand Weapons
 a - a +0 shortbow (weapon)
Armour
 b - a scarf of repulsion
 c - a +0 leather armour (worn)
 d - a +0 pair of boots (worn)
Potions
 e - a potion of degeneration {unknown}

Dungeon Overview and Level Annotations

Branches:
Dungeon (2/15)

Altars:

Annotations:
D:2 Robin


Message History

You shoot an arrow. The arrow closely misses the goblin.
The goblin hits you with a +0 dagger.
A goblin comes into view. It is wielding a +0 club.
You shoot an arrow. The arrow hits the goblin.
The goblin is severely wounded.
The goblin closely misses you.
Robin says, "A pitiful Elf like you will never find the ORB!"
Robin roars a battlecry!
The goblin goes into a battle-frenzy!
The goblin hits you but does no damage.
You shoot an arrow. The arrow barely misses the goblin.
Robin misses you. The goblin barely misses you.
You shoot an arrow. The arrow closely misses the goblin.
The goblin closely misses you.
You shoot an arrow. The arrow hits the goblin.
You kill the goblin!
Robin hits you from afar with a +0 trident.
511 ||| Stepping ~*~*~tactically~*~*~ (outnumbered).
You shoot an arrow. The arrow hits Robin.
Robin is moderately wounded.
Robin misses you.
You shoot an arrow.
The arrow hits Robin but does no damage.
Robin is moderately wounded.
Robin throws the goblin at you! The goblin completely misses you.
You shoot an arrow. The arrow hits the goblin.
The goblin is severely wounded.
Robin roars a battlecry!
The goblin hits you with a +0 dagger.
You shoot an arrow. The arrow hits the goblin.
You kill the goblin!
Robin closely misses you.
You shoot an arrow. The arrow completely misses Robin.
You hear a shout!
Robin closely misses you.
You shoot an arrow. The arrow hits Robin.
Robin is severely wounded.
You hear a shout!
Robin hits you from afar with a +0 trident. x2
You die...

... ... # #..
#g #.#
#g#####.#
#.g)##.# #####
#.##.# ....#
##@##%#######.#
###.#
#..)#..........
##.##
#.............#
##...#
#...##.########
...#.# ######.#
##...# #.# #.#
##.## #.# #.#
#.# #.# #.# #.#
#.# #.#


You could see Robin.

Vanquished Creatures
  A dart slug (D:2)
  2 bats (D:1)
  2 endoplasms
  7 goblins
  3 hobgoblins
  A ball python (D:1)
  A frilled lizard (D:1)
  2 rats (D:1)
19 creatures vanquished.

Notes
Turn   | Place    | Note
-------+----------+-------------------------------------------
     0 | D:1      | qw the Deep Elf Hunter began the quest for the Orb.
     0 | D:1      | Reached XP level 1. HP: 12/12 MP: 3/3
     0 | D:1      | 0 ||| qw: Version: 0.3-a-22-g0ed2b0b
     0 | D:1      | 0 ||| qw: Game counter: 5743
     0 | D:1      | 0 ||| qw: Melee chars always use a shield: true
     0 | D:1      | 0 ||| qw: God list: Okawaru
     0 | D:1      | 0 ||| qw: Allow faded altars: false
     0 | D:1      | 0 ||| qw: Do Orc after clearing Dungeon:15 true
     0 | D:1      | 0 ||| qw: Do second Lair branch before Depths: true
     0 | D:1      | 0 ||| qw: Lair rune preference: random
     0 | D:1      | 0 ||| qw: Goals: Normal
     0 | D:1      | 0 ||| PLANNING D:1-11
   159 | D:1      | Reached XP level 2. HP: 16/16 MP: 4/4
   194 | D:1      | Reached skill level 6 in Ranged Weapons
   348 | D:1      | 348 ||| UPGRADING to +0 pair of boots.
   353 | D:1      | 353 ||| DROPPING scroll of butterflies.
   500 | D:2      | Noticed Robin
   503 | D:2      | 503 ||| Stepping ~*~*~tactically~*~*~ (outnumbered).
   511 | D:2      | 511 ||| Stepping ~*~*~tactically~*~*~ (outnumbered).
   514 | D:2      | HP: 4/16 [goblin/+0 dagger[Robin] (3)]
   517 | D:2      | Slain by Robin

Levels and vault maps discovered:
D:1:      lightli_arrival_windingriver, layout_rooms
D:2:      layout_loops_ring, uniq_robin

Skill      XL: |  1  2 |
---------------+-------+-----
Ranged Weapons | 6 |  6.5
Fighting       | |  1.5
Dodging        | |  2.4
Stealth        | |  1.2

Action                     || total
---------------------------++-------
   Fire: Shortbow          ||    54
 Armour: Leather armour    ||     4
  Dodge: Dodged            ||    15

Table legend:
 A = Non-vault XP
 B = Vault XP
 C = Vault XP percentage of total XP
 D = Non-vault monster count
 E = Vault monster count
 F = Vault count percentage of total count
                 A         B        C        D         E       F
            +---------+---------+-------+---------+---------+-------
      Total |      25 |      10 |  28.6 |      14 |       5 |  26.3
            +---------+---------+-------+---------+---------+-------
        D:1 |      17 |       0 |   0.0 |      11 |       0 |   0.0
        D:2 |       8 |      10 |  55.6 |       3 |       5 |  62.5
            +---------+---------+-------+---------+---------+-------
